 Dungeon Crawl Stone Soup version 0.30-a0-634-g8abc85282e (webtiles) character file.

Game seed: 12326260683710275833

580 Armakuni the Twirler (level 7, -2/52 HPs)
             Began as a Human Artificer on Jan 14, 2023.
             Was an Initiate of Gozag.
             Succumbed to a water moccasin's poison
             ... on level 6 of the Dungeon.
             The game lasted 00:14:32 (6273 turns).

Armakuni the Twirler (Human Artificer)              Turns: 6273, Time: 00:14:32

Health: -2/52      AC: 11    Str: 17    XL:     7   Next: 63%
Magic:  7/7        EV: 10    Int: 12    God:    Gozag
Gold:   170        SH:  0    Dex: 12    Spells: 6/6 levels left

rFire   + . .      SeeInvis .    a - staff of air
rCold   . . .      Faith    .    (no shield)
rNeg    . . .      Spirit   .    k - +5 ring mail
rPois   .          Reflect  .    (no helmet)
rElec   +          Harm     .    m - +0 cloak
rCorr   .          Rampage  .    (no gloves)
Will    .....                    (no boots)
Stlth   +                        (no amulet)
HPRegen 0.28/turn                (no ring)
MPRegen 0.10/turn                (no ring)

@: lethally poisoned (-2 -> -32)
A: fire resistance 1, strong 1
a: Renounce Religion, Potion Petition, Call Merchant, Bribe Branch


You were on level 6 of the Dungeon.
You worshipped Gozag.
Gozag was aware of your devotion.
You visited 2 branches of the dungeon, and saw 7 of its levels.

You collected 222 gold pieces.
You paid 52 gold pieces to Gozag.

Inventory:

Hand Weapons
 c - a +0 flail
 g - a +0 whip
Armour
 k - a +5 ring mail (worn)
 m - a +0 cloak (worn)
Magical Staves
 a - a staff of air (weapon)
Jewellery
 d - a ring of positive energy
 j - a ring of magical power
 J - a ring of ice
Scrolls
 l - 3 scrolls of poison
 n - a scroll of noise
Potions
 b - a potion of flight


   Skills:
 - Level 3.0 Fighting
 - Level 0.4(3.0) Maces & Flails
 - Level 4.9(5.0) Staves
 - Level 2.0 Armour
 - Level 1.0 Dodging
 - Level 1.0 Stealth
 + Level 3.0 Air Magic
 + Level 4.4 Evocations


You had 6 spell levels left.
You didn't know any spells.
Your spell library contained the following spells:

 Spells                   Type           Power      Damage    Failure   Level
 Magic Dart               Conj           0%         1d3       52%         1
 Call Imp                 Summ           0%         N/A       65%         2
 Mephitic Cloud           Conj/Pois/Air  3%         N/A       75%         3
 Frozen Ramparts          Ice            0%         1d1       87%         3
 Ice Form                 Ice/Tmut       0%         N/A       99%         4
 Summon Ice Beast         Ice/Summ       0%         N/A       99%         4
 Iskenderun's Battlesphe  Conj           0%         2d6       100%        5
 Iron Shot                Conj/Erth      0%         9d1       100%        6
 Spellforged Servitor     Conj/Summ      0%         N/A       100%        7


Dungeon Overview and Level Annotations

Branches:
Dungeon (6/15)             Temple (1/1) D:5

Altars:
Ashenzari
Cheibriados
Dithmenos
Elyvilon
Fedhas
Gozag
Hepliaklqana
Kikubaaqudgha
Makhleb
Nemelex Xobeh
Okawaru
Qazlal
Ru
Sif Muna
Trog
Vehumet
Wu Jian
Xom
Yredelemnul
The Shining One

Annotations:
D:5 Sigmund


Innate Abilities, Weirdness & Mutations

Your flesh is heat resistant. (rF+)
Your muscles are strong. (Str +4, Int/Dex -1)


Message History

You barely miss the water moccasin.
The water moccasin is severely wounded.
The water moccasin bites you but does no damage.
You hit the water moccasin but do no damage.
The water moccasin is severely wounded.
The water moccasin bites you but does no damage.
The water moccasin bites you.
You are poisoned.
The water moccasin poisons you!
You hit the water moccasin.
The water moccasin is severely wounded.
You feel very sick. The water moccasin closely misses you.
You miss the water moccasin.
The water moccasin is severely wounded.
You feel very sick. The water moccasin barely misses you.
The water moccasin bites you!
You barely miss the water moccasin.
The water moccasin is severely wounded.
You feel sick.
The water moccasin bites you but does no damage.
You barely miss the water moccasin.
The water moccasin is severely wounded.
You feel sick. The water moccasin barely misses you.
You closely miss the water moccasin.
The water moccasin is severely wounded.
You feel sick. The water moccasin barely misses you.
You barely miss the water moccasin.
The water moccasin is severely wounded.
You feel sick. The water moccasin bites you.
* * * LOW HITPOINT WARNING * * *
You are lethally poisoned!
The water moccasin poisons you! The water moccasin bites you.
* * * LOW HITPOINT WARNING * * *
You are more poisoned.
The water moccasin poisons you!
You completely miss the water moccasin.
The water moccasin is severely wounded.
You die...
Your body crumbles into a pile of gold.

#######
#..<..#
#.###......
#.# .###.
#.# # #@#
#S#
...h....#
.S..?####
#... ##. $
#


You could see a water moccasin.

Vanquished Creatures
  A phantom (D:5)
  A scorpion (D:4)
  A hound (D:5)
  2 jellies (D:5)
  Jessica (D:2)
  2 iguanas (D:5)
  Terence (D:3)
  4 gnolls
  4 adders
  A shadow imp (D:5)
  A white imp (D:4)
  2 worms
  3 dart slugs
  9 orcs
  5 ball pythons
  6 bats
  9 endoplasms
  3 giant cockroaches
  5 goblins
  5 hobgoblins
  6 jackals
  A quokka (D:2)
  3 frilled lizards
  6 kobolds
  4 rats
86 creatures vanquished.

Vanquished Creatures (collateral kills)
  A jelly (D:5)
  2 gnolls (D:5)
  An adder (D:4)
  An orc (D:4)
5 creatures vanquished.

Vanquished Creatures (others)
  A hound (D:5)
  A plant (D:4)
2 creatures vanquished.

Grand Total: 93 creatures vanquished

Notes
Turn   | Place    | Note
-------+----------+-------------------------------------------
     0 | D:1      | Armakuni the Human Artificer began the quest for the Orb.
     0 | D:1      | Reached XP level 1. HP: 15/15 MP: 1/1
   100 | D:1      | Reached XP level 2. HP: 9/22 MP: 2/2
   351 | D:1      | Reached skill level 1 in Staves
   439 | D:1      | Reached XP level 3. HP: 24/27 MP: 3/3
  1770 | D:2      | Reached XP level 4. HP: 21/34 MP: 4/4
  1931 | D:3      | Noticed Terence
  1931 | D:3      | Noticed Jessica
  1946 | D:2      | Killed Jessica
  2035 | D:3      | Killed Terence
  2036 | D:3      | Reached XP level 5. HP: 41/41 MP: 5/5
  2198 | D:3      | Found a snail-covered altar of Cheibriados.
  2517 | D:3      | Found a sacrificial altar of Ru.
  3145 | D:4      | Reached XP level 6. HP: 43/47 MP: 6/6
  4376 | D:5      | Entered Level 5 of the Dungeon
  4471 | D:5      | Noticed an ice beast
  4498 | D:5      | Reached skill level 1 in Air Magic
  4726 | D:5      | Gained mutation: Your muscles are strong. (Str +4, Int/Dex
                  | -1) [potion of mutation]
  4726 | D:5      | Gained mutation: Your flesh is heat resistant. (rF+)
                  | [potion of mutation]
  4734 | D:5      | Reached XP level 7. HP: 10/52 MP: 7/7
  4905 | D:5      | Found a staircase to the Ecumenical Temple.
  4939 | Temple   | Entered the Ecumenical Temple
  5065 | Temple   | Became a worshipper of Gozag Ym Sagoz the Greedy
  5570 | D:5      | Noticed a two-headed ogre
  5570 | D:5      | Noticed a two-headed ogre
  5950 | D:5      | Noticed Sigmund
  6198 | D:6      | Noticed a water moccasin
  6273 | D:6      | Succumbed to a water moccasin's poison

Illustrated notes

Levels and vault maps discovered:
D:1:      minmay_arrival_four_loops, layout_basic
D:2:      layout_basic, kennysheep_generic_room_10
D:3:      layout_loops_ring, mainiacjoe_overflow_paths, hangedman_ru_absence,
          wad_floor_pattern_2, minmay_strange_pillars,
          kennysheep_generic_room_6, uniq_terence, uniq_jessica
D:4:      minmay_wonky_spiral, layout_layer_cave, serial_bayou_crossing
D:5:      layout_basic, minmay_temple_entry_offerings, minmay_small_thing,
          uniq_sigmund
D:6:      layout_loops_ring, kennysheep_dice
Temple:   nicolae_temple_two_arcs

Skill      XL: |  1  2  3  4  5  6  7 |
---------------+----------------------+-----
Staves         | 1 2 3 4 |  4.9
Fighting       | 2 3 |  3.0
Air Magic      | 1 3 |  3.0
Evocations     | 4 |  4.4
Maces & Flails | |  0.4
Armour         | |  2.0
Dodging        | |  1.0
Stealth        | |  1.0

Action                   |  1- 3 |  4- 6 |  7- 9 || total
-------------------------+-------+-------+-------++-------
Melee: Whip              |    12 |       |       ||    12
       Staff             |    96 |   250 |   115 ||   461
       Club              |     1 |       |       ||     1
       Punch             |     2 |       |       ||     2
Throw: Boomerang         |    39 |       |       ||    39
Evoke: Wand              |     6 |    23 |     6 ||    35
  Use: Scroll            |     4 |     3 |     7 ||    14
       Potion            |       |     4 |     2 ||     6
 Stab: Sleeping          |       |     1 |       ||     1
Armor: Leather armour    |    29 |    21 |       ||    50
       Ring mail         |       |    88 |    71 ||   159
Dodge: Dodged            |    71 |   144 |   101 ||   316

Table legend: (Time is in decaauts)
 A = Elapsed time spent in this place.
 B = Non-inter-level travel time spent in this place.
 C = Inter-level travel time spent in this place.
 D = Time resting spent in this place.
 E = Time spent auto-exploring this place.
 F = Levels seen in this place.
 G = Mean time per level.
                   A        B        C        D        E       F      G
               +--------+--------+--------+--------+--------+-----+--------+
         Total |   6287 |   5977 |    310 |    955 |   3532 |   7 |  898.1 |
       Dungeon |   6150 |   5840 |    310 |    955 |   3426 |   6 | 1025.0 |
        Temple |    136 |    136 |      0 |      0 |    106 |   1 |  136.0 |
               +--------+--------+--------+--------+--------+-----+--------+

Top non-repeatable levels by time:
     D:4: 1639 daAuts
     D:5: 1422 daAuts
     D:1: 1235 daAuts
     D:3: 1006 daAuts
     D:2: 820 daAuts
  Temple: 136 daAuts
     D:6: 26 daAuts
